AoeStats
← RoR | Vodka_L_2

Arabia

510134967Analyzed
1v1 RM · 3d ago on Sep 29, 2026· 37m 1s· 2 players
Game mode
Random Map
Map size
Tiny (2 player)
Population
200
Speed
Normal
Resources
Standard
Victory
Conquest
Starting age
Dark Age
Ending age
Imperial Age
RankedLock teamsTeams togetherTeam positionsShared explorationLock speedFull tech treeHidden civsTurbo modeCheats
Victory
Defeat
🇮🇹 Maya · Italy
2574
+5
🇵🇰 Cumans · Pakistan
2263
-5
MangonelDance
6:33 Loom
8:46 Feudal Age
9:31 Double-Bit Axe
20:05 Castle Age
18:31 Fletching
19:14 Padded Archer Armor
19:34 Gold Mining
20:14 Elite Skirmisher
21:12 Bodkin Arrow
21:33 Horse Collar
23:07 Leather Archer Armor
25:25 Bow Saw
28:03 Wheelbarrow
29:11 Scale Barding Armor
29:22 Bloodlines
29:04 Town Watch
30:24 Heavy Plow
31:00 Chain Barding Armor
31:33 Ballistics
36:17 Imperial Age
37:45 Plate Barding Armor
RoR | Vodka_L_2
0:28 Loom
9:09 Feudal Age
9:58 Double-Bit Axe
19:04 Castle Age
17:18 Fletching
17:42 Gold Mining
18:35 Horse Collar
19:07 Crossbowman
19:42 Bodkin Arrow
21:37 Bow Saw
21:38 Town Watch
28:15 Wheelbarrow
33:36 Imperial Age
34:00 Ballistics
33:52 Padded Archer Armor
33:36 Arbalester
34:19 Bracer
35:46 Chemistry
36:12 Padded Archer Armor
36:18 Thumb Ring
36:29 Pikeman
Connection lost

Rejoining the realm…

Still unreachable

The connection could not be restored.

Session expired

The server has moved on; the page needs a fresh start.